 Dungeon Crawl Stone Soup version 0.26-a0-642-g67e99244d3 (webtiles) character file.

Game seed: 3174945099816711665

39968 MrRokkomies the Zephyrmancer (level 14, -1/88 HPs)
             Began as a Tengu Air Elementalist on Sept 23, 2020.
             Was an Initiate of Gozag.
             Slain by a death yak (21 damage)
             ... on level 5 of the Lair of Beasts.
             The game lasted 00:48:33 (20719 turns).

MrRokkomies the Zephyrmancer (TeAE)                Turns: 20719, Time: 00:48:33

Health: -1/88      AC:  8    Str:  6    XL:     14   Next: 8%
Magic:  9/36       EV: 27    Int: 28    God:    Gozag
Gold:   2338       SH:  5    Dex: 22    Spells: 3/29 levels left

rFire    . . .     SeeInvis .   a - staff of air
rCold    . . .     Faith    .   (no shield)
rNeg     . . .     Spirit   .   T - +3 robe of Clouds {+Thunder rCloud rElec}
rPois    +         Reflect  +   (helmet restricted)
rElec    +         Harm     +   B - +1 cloak
rCorr    .         Rampage  .   w - +0 pair of gloves of a ziggurat {Harm Int+7 Dex+3 Slay+3}
MR       +....                  (boots unavailable)
Stlth    ++........             O - amulet "Qoazuahi" {Reflect Str-3 Dex+5 SH+5}
HPRegen  0.24/turn              G - ring of poison resistance
MPRegen  0.25/turn              n - ring of magical power

@: gold aura, flying quickly and evasively, quick
A: beak, talons 3, able to fly
a: Stop Flying, Potion Petition, Call Merchant, Bribe Branch, Renounce Religion,
Evoke Thunderclouds


You were on level 5 of the Lair of Beasts.
You worshipped Gozag.
Gozag was most pleased with you.
You visited 2 branches of the dungeon, and saw 18 of its levels.
You also visited: Gauntlet.

You collected 4197 gold pieces.
You spent 352 gold pieces at shops.
You paid 1507 gold pieces to Gozag.

Inventory:

Hand Weapons
 b - the +9 scimitar of Fyfoenus {holy, rF+ MP+9}
   (You found it on level 2 of the Lair of Beasts)

   It has been blessed by the Shining One to cause great damage to the undead
   and demons.
   It protects you from fire.
   It affects your magic capacity (+9).
 P - a +1 spear of venom
Missiles
 f - 113 poisoned darts (quivered)
 D - 3 throwing nets
 N - 6 curare-tipped darts
Armour
 l - a +1 leather armour of magic resistance
 w - the +0 pair of gloves of a ziggurat (worn) {Harm Int+7 Dex+3 Slay+3}
   (You found it on level 4 of the Dungeon)

   It affects your intelligence (+7).
   It affects your dexterity (+3).
   It affects your accuracy and damage with ranged weapons and melee attacks
   (+3).
   It increases damage dealt and taken.
 A - a +2 robe of cold resistance
 B - a +1 cloak (worn)
 T - the +3 robe of Clouds (worn) {+Thunder rCloud rElec}
   (You found it in a Gauntlet)

   It insulates you from electricity.
Magical Staves
 a - an uncursed staff of air (weapon)
Jewellery
 n - a ring of magical power (right hand)
 x - a +6 ring of dexterity
 y - an uncursed ring of see invisible
 F - an uncursed ring of protection from magic
 G - a ring of poison resistance (left hand)
 O - the amulet "Qoazuahi" (around neck) {Reflect Str-3 Dex+5 SH+5}
   (You found it on level 1 of the Lair of Beasts)

   [amulet of reflection]

   It shields you and reflects attacks.
   It affects your strength (-3).
   It affects your dexterity (+5).
   It affects your SH (+5).
 Q - an uncursed amulet of reflection {unknown}
 U - an uncursed amulet of regeneration {unknown}
Wands
 k - a wand of digging (15)
 o - a wand of iceblast (32)
 s - a wand of paralysis (13)
 u - a wand of acid (16)
 I - a wand of enslavement (15)
 K - a wand of polymorph (9)
 W - a wand of flame (12)
Scrolls
 e - 3 scrolls of teleportation
 g - 9 scrolls of remove curse
 i - 3 scrolls of immolation
 v - 5 scrolls of fear
 z - 3 scrolls of identify
 J - 3 scrolls of enchant weapon
 L - 2 scrolls of fog
 R - a scroll of enchant armour
Potions
 c - 3 potions of brilliance
 d - a potion of lignification
 h - 5 potions of curing
 j - 7 potions of ambrosia {unknown}
 m - 2 potions of invisibility
 p - 5 potions of heal wounds
 q - 4 potions of berserk rage
 r - a potion of haste
 t - a potion of mutation {unknown}
 C - 2 potions of cancellation {unknown}
 E - 4 potions of stabbing
 H - a potion of magic {unknown}
 S - a potion of might {unknown}
Miscellaneous
 M - a condenser vane (2/2)


   Skills:
 - Level 10.0 Fighting
 + Level 11.5 Dodging
 - Level 2.0 Stealth
 - Level 8.0 Spellcasting
 - Level 10.0 Conjurations
 - Level 8.0 Summonings
 * Level 8.8 Fire Magic
 - Level 12.0 Air Magic
 + Level 8.3 Evocations


You had 3 spell levels left.
You knew the following spells:

 Your Spells              Type           Power        Failure   Level
a - Shock                 Conj/Air       ####         1%          1
b - Swiftness             Air            #######.     1%          2
c - Static Discharge      Conj/Air       #######.     1%          3
d - Airstrike             Air            #######...   1%          4
e - Lightning Bolt        Conj/Air       #######...   1%          5
f - Summon Lightning Spi  Summ/Air       #######.     1%          4
g - Blink                 Tloc           N/A          8%          2
h - Fireball              Conj/Fire      ######....   3%          5

Your spell library contained the following spells:

 Spells                   Type           Power        Failure   Level
 Foxfire                  Conj/Fire      ####         1%          1
 Conjure Flame            Conj/Fire      ######..     1%          3
 Dazzling Flash           Conj/Hex       #####.       1%          3
 Inner Flame              Hex/Fire       #####...     2%          3
 Apportation              Tloc           ##....       4%          1
 Corona                   Hex            ##.....      4%          1
 Freeze                   Ice            ##..         4%          1
 Ensorcelled Hibernation  Hex/Ice        ##....       8%          2
 Confusing Touch          Hex            ##......     14%         3
 Frozen Ramparts          Ice            ##....       14%         3
 Ozocubu's Armour         Ice            ##......     14%         3
 Tukima's Dance           Hex            ##......     14%         3
 Sticky Flame             Conj/Fire      ######..     1%          4
 Iskenderun's Battlesphe  Conj           ######..     2%          5
 Hailstorm                Conj/Ice       #####...     6%          4
 Summon Ice Beast         Ice/Summ       ####....     10%         4
 Bolt of Magma            Conj/Fire/Erth #####.....   11%         5
 Orb of Destruction       Conj           ######....   56%         7
 Iron Shot                Conj/Erth      #####.....   67%         6
 Spellforged Servitor     Conj/Summ      ######....   71%         7
 Dragon's Call            Summ           ######....   100%        9


Dungeon Overview and Level Annotations

Branches:
Dungeon (12/15)            Temple (0/1) D:7            Lair (6/6) D:10
  Swamp (0/4) Lair:4       Spider (0/4) Lair:2          Orc (0/2) D:12
Gauntlet (visited)
  Slime: Lair:5-6

Altars:
Cheibriados
Dithmenos
Gozag
Hepliaklqana
Kikubaaqudgha
Makhleb
Okawaru
Ru
Vehumet
Wu Jian
Zin
Beogh

Shops:
D:5 !   D:8 [   D:10 :   D:11 *

Annotations:
D:6 3 runed translucent doors, ANON1729's ghost, novice GrFi; haldagan's ghost, novice OgMo; temitten's ghost, novice PaFi
D:7 2 transporters, DogServant's ghost, novice DrTm
D:12 2 transporters, Buipn's ghost, journeyman GrMo


Innate Abilities, Weirdness & Mutations

You have a beak for a mouth.
You have claws for feet.
You can fly continuously.


Message History

The death yak is lightly wounded.
The bolt of lightning misses the death yak.
The death yak gores you!
* * * LOW HITPOINT WARNING * * *
Unknown command.
Unknown command.
Casting: Lightning Bolt (dangerous; 1% risk of failure)
Confirm with . or Enter, or press ? or * to list all spells.
Aiming: Lightning Bolt (dangerous; 1% risk of failure)
Press: ? - help, Shift-Dir - straight line, f/p - death yak
Aim: a death yak (lightly wounded)
You feel a surge of power!
You hear a mighty clap of thunder!
The bolt of lightning hits the death yak!!!
The death yak is almost dead.
The bolt of lightning hits the death yak!!!
You kill the death yak!
The death yak gores you!!
You die...
Your body crumbles into a pile of gold.

###........P#..>....#......######
##..........P.......##..>..### #.
##................###.......####
###.#.##.#..#.......##.....#.....
##..#####.#.........##......#....
....# ###........##P.....##....
....######......$...##.......#...
....P.#..##.....Y..P.#.....P.#...
.......###......@......P.........
.......P.P....#P......###......##
........P....##P......###......P#
..........##....P#......###......
..........#....###......##.......
..........#.............##.......
.............#.#......#.#........
...........P###........#)........
...........P...#.......#.........


You could see a death yak.

Vanquished Creatures
  Kirke (D:12)
  A minotaur (Gauntlet)
  Josephine (D:12)
  2 hydras
  2 two-headed ogres (D:9)
  3 death yaks
  Urug (Lair:4)
  A fire crab (Lair:5)
  An unseen horror (D:11)
  A wizard (Gauntlet)
  A glowing orange brain (Gauntlet)
  Pikel (D:9)
  An ugly thing (Gauntlet)
  An elephant (D:10)
  2 manticores
  A cyclops (D:12)
  6 black mambas
  Maurice (D:8)
  An ice statue (Gauntlet)
  5 cane toads
  3 centaur zombies
  Maggie (D:6)
  2 gargoyles (D:11)
  2 rime drakes (Gauntlet)
  2 komodo dragons
  A jumping spider (Lair:2)
  A queen bee (D:10)
  9 blink frogs
  5 slime creatures (D:12)
  7 hippogriffs
  5 dream sheep (Lair:5)
  7 wraiths
  24 yaks
  4 hogs (D:12)
  Eustachio (D:5)
  2 basilisks
  Edmund (D:6)
  14 water moccasins
  7 porcupines
  6 orc warriors
  A hornet zombie (D:9)
  3 ice beasts
  3 sky beasts
  2 black bears
  A necrophage (D:11)
  6 ogres
  4 wolves (Lair:1)
  2 phantoms
  9 centaurs
  8 crocodiles
  Blork the orc (D:5)
  A big kobold (D:11)
  11 bullfrogs
  3 small abominations (D:12)
  4 scorpions
  15 killer bees (D:10)
  5 wights (D:6)
  4 electric eels
  7 howler monkeys
  A quasit (D:6)
  A bullfrog zombie (D:12)
  8 hounds
  A centaur skeleton (D:4)
  9 orc priests
  2 jellies
  7 orc wizards
  Crazy Yiuf (D:6)
  Jessica (D:2)
  3 bullfrog skeletons
  2 iguanas
  Natasha (thrice) (D:2)
  8 worker ants
  5 hell rats (Lair:4)
  A killer bee zombie (D:9)
  A hound zombie (D:8)
  2 hound skeletons
  9 adders
  3 gnolls
  3 shadow imps
  3 white imps
  3 ufetubi
  An ooze (D:3)
  2 adder skeletons (D:8)
  2 worms (D:2)
  3 dart slugs
  7 leopard geckos
  38 orcs
  7 giant cockroaches
  10 goblins
  7 hobgoblins
  8 kobolds
  6 quokkas
  A ball python (D:3)
  3 bats
  6 frilled lizards
  A leopard gecko skeleton (D:5)
  5 rats
412 creatures vanquished.

Vanquished Creatures (others)
  2 humans (D:12)
  An orc (D:12)
  3 bushes (Lair:1)
  18 fungi
  58 plants
  6 withered plants (D:5)
88 creatures vanquished.

Grand Total: 500 creatures vanquished

Notes
Turn   | Place    | Note
-------+----------+-------------------------------------------
     0 | D:1      | MrRokkomies the Tengu Air Elementalist began the quest for
                  | the Orb.
     0 | D:1      | Reached XP level 1. HP: 10/10 MP: 4/4
   113 | D:1      | Reached XP level 2. HP: 15/15 MP: 0/6
   701 | D:2      | Noticed Jessica
   872 | D:1      | Reached XP level 3. HP: 15/20 MP: 2/7
   876 | D:1      | Learned a level 2 spell: Swiftness
   880 | D:1      | Learned a level 3 spell: Static Discharge
   950 | D:2      | Killed Jessica
   950 | D:2      | Reached skill level 1 in Fighting
   950 | D:2      | Reached XP level 4. HP: 9/25 MP: 2/8
  1154 | D:1      | Reached skill level 5 in Air Magic
  1340 | D:2      | Noticed Natasha
  1377 | D:2      | Killed Natasha
  1377 | D:2      | Gained mutation: You can fly continuously. [Tengu growth]
  1377 | D:2      | Reached XP level 5. HP: 19/29 MP: 1/9
  1479 | D:2      | Found an opulent altar of Gozag.
  1502 | D:2      | Became a worshipper of Gozag Ym Sagoz the Greedy
  1703 | D:2      | Found an iron altar of Okawaru.
  1713 | D:2      | Found a shadowy altar of Dithmenos.
  1909 | D:2      | Noticed Natasha
  1916 | D:2      | Killed Natasha
  2161 | D:2      | Noticed Natasha
  2165 | D:2      | Killed Natasha
  2423 | D:3      | Reached XP level 6. HP: 35/35 MP: 6/10
  2571 | D:3      | Reached skill level 6 in Air Magic
  3612 | D:3      | Reached skill level 5 in Conjurations
  3899 | D:4      | Reached XP level 7. HP: 40/40 MP: 4/11
  3984 | D:4      | Reached skill level 7 in Air Magic
  4438 | D:4      | Got a pair of fine gloves
  4444 | D:4      | Identified the +0 pair of gloves of a ziggurat {Harm Int+7
                  | Dex+3 Slay+3} (You found it on level 4 of the Dungeon)
  4558 | D:5      | Entered Level 5 of the Dungeon
  4626 | D:5      | Found an ancient bone altar of Kikubaaqudgha.
  4662 | D:5      | Noticed Eustachio
  4668 | D:5      | Killed Eustachio
  4668 | D:5      | Reached XP level 8. HP: 46/46 MP: 7/12
  4850 | D:5      | Found Lus Luvvesh's Distillery.
  4860 | D:5      | Bought a potion of heal wounds for 50 gold pieces
  4883 | D:5      | Learned a level 4 spell: Airstrike
  4946 | D:5      | Noticed Blork the orc
  4948 | D:5      | Killed Blork the orc
  4948 | D:5      | Reached skill level 8 in Air Magic
  5357 | D:6      | Noticed Maggie
  5581 | D:6      | Found a runed translucent gate.
  5581 | D:6      | Noticed haldagan's ghost (novice OgMo)
  5581 | D:6      | Noticed ANON1729's ghost (novice GrFi)
  5581 | D:6      | Noticed temitten's ghost (novice PaFi)
  5582 | D:6      | Found a runed translucent gate.
  5582 | D:6      | Found a runed translucent gate.
  5688 | D:6      | Reached skill level 5 in Dodging
  5762 | D:6      | Killed Maggie
  5762 | D:6      | Reached skill level 9 in Air Magic
  5762 | D:6      | Reached XP level 9. HP: 51/52 MP: 0/13
  5827 | D:6      | Noticed Edmund
  5845 | D:6      | Killed Edmund
  6451 | D:6      | Found a runed translucent door.
  6452 | D:6      | Noticed Crazy Yiuf
  6457 | D:6      | Killed Crazy Yiuf
  6457 | D:6      | Reached skill level 10 in Air Magic
  6599 | D:7      | Found a snail-covered altar of Cheibriados.
  6599 | D:7      | Found a glowing silver altar of Zin.
  6686 | D:7      | Found a staircase to the Ecumenical Temple.
  6823 | D:7      | Found a transporter.
  6823 | D:7      | Noticed a moth of wrath
  6824 | D:7      | Noticed DogServant's ghost (novice DrTm)
  6836 | D:7      | Found a transporter.
  6855 | D:7      | Reached skill level 5 in Fighting
  7558 | D:8      | Reached skill level 10 in Conjurations
  7630 | D:8      | Found a radiant altar of Vehumet.
  7653 | D:8      | Reached skill level 11 in Air Magic
  7722 | D:8      | Noticed Maurice
  7734 | D:8      | Killed Maurice
  7734 | D:8      | Reached XP level 10. HP: 56/59 MP: 8/16
  7983 | D:8      | Found a radiant altar of Vehumet.
  8105 | D:8      | Bought an embroidered robe for 96 gold pieces
  8201 | D:9      | Learned a level 5 spell: Lightning Bolt
  8298 | D:9      | Noticed a two-headed ogre
  8300 | D:9      | Found a roughly hewn altar of Beogh.
  8300 | D:9      | Found a transporter.
  8300 | D:9      | Noticed a two-headed ogre
  8472 | D:9      | Noticed Pikel
  8478 | D:9      | Killed Pikel
  8478 | D:9      | Reached skill level 12 in Air Magic
  8650 | D:9      | Found a sacrificial altar of Ru.
  8652 | D:9      | Found a hazy altar of Hepliaklqana.
  8653 | D:9      | Found a burning altar of Makhleb.
  8841 | D:9      | Found a transporter.
  8938 | D:9      | Found an ornate altar of the Wu Jian Council.
  9129 | D:9      | Killed a two-headed ogre
  9129 | D:9      | Reached skill level 5 in Spellcasting
  9129 | D:9      | Reached skill level 1 in Evocations
  9143 | D:9      | Killed a two-headed ogre
  9301 | D:10     | Entered Level 10 of the Dungeon
  9313 | D:10     | Found a staircase to the Lair.
  9315 | D:10     | Reached XP level 11. HP: 64/64 MP: 20/20
  9638 | D:10     | Identified Cigoqok's Grimoire of Supportive Displacement
  9645 | D:10     | Learned a level 4 spell: Summon Lightning Spire
  9648 | D:10     | Learned a level 2 spell: Blink
 10432 | D:11     | Found Noeviost's Assorted Antiques.
 10555 | D:11     | Bought a blackened moonstone ring for 175 gold pieces
 10555 | D:11     | Bought a bubbling inky potion for 31 gold pieces
 10585 | D:11     | Noticed an unseen horror
 10587 | D:11     | Killed an unseen horror
 10819 | D:11     | Noticed a manticore
 10821 | D:11     | Killed a manticore
 11407 | D:11     | Reached XP level 12. HP: 75/75 MP: 14/24
 11853 | D:12     | Reached skill level 5 in Evocations
 11862 | D:12     | Learned a level 5 spell: Fireball
 11916 | D:12     | Noticed Kirke
 11928 | D:12     | Killed Kirke
 12451 | D:12     | Found a transporter.
 12455 | D:12     | Found a transporter.
 12457 | D:12     | Noticed Buipn's ghost (journeyman GrMo)
 12477 | D:12     | Noticed Josephine
 12499 | D:12     | Killed Josephine
 12503 | D:12     | Reached skill level 10 in Fighting
 12561 | D:12     | Found a staircase to the Orcish Mines.
 12638 | D:12     | Reached skill level 10 in Dodging
 12638 | D:12     | Reached skill level 1 in Summonings
 12695 | D:12     | Found a runed translucent door.
 12839 | D:12     | Reached skill level 1 in Fire Magic
 12972 | D:12     | Noticed a tentacled monstrosity
 13076 | Lair:1   | Entered Level 1 of the Lair of Beasts
 13704 | Lair:1   | Got a wavering emerald amulet
 13715 | Lair:1   | Identified the amulet "Qoazuahi" {Reflect Str-3 Dex+5 SH+5}
                  | (You found it on level 1 of the Lair of Beasts)
 14193 | Lair:2   | Found a hole to the Spider Nest.
 14196 | Lair:2   | Reached XP level 13. HP: 82/82 MP: 22/26
 14391 | Lair:2   | Reached skill level 5 in Summonings
 14409 | Lair:2   | Reached skill level 5 in Fire Magic
 15022 | Lair:2   | Got a dazzling scimitar
 15023 | Lair:2   | Identified the +9 scimitar of Fyfoenus {holy, rF+ MP+9}
                  | (You found it on level 2 of the Lair of Beasts)
 15526 | Lair:3   | Found a gate leading to a gauntlet.
 15534 | Gauntlet | Found the +3 robe of Clouds {+Thunder rCloud rElec}
 15534 | Gauntlet | Entered a Gauntlet
 15534 | Gauntlet | Found a transporter.
 15534 | Gauntlet | Found a transporter.
 15534 | Gauntlet | Found a transporter.
 15560 | Gauntlet | Found a transporter.
 15572 | Gauntlet | Found a transporter.
 15573 | Gauntlet | Found a transporter.
 15584 | Gauntlet | Found a transporter.
 15601 | Gauntlet | Found a runed translucent door.
 15602 | Gauntlet | Found a transporter.
 15603 | Gauntlet | Found a runed translucent door.
 15607 | Gauntlet | Noticed a death ooze
 15617 | Gauntlet | Found a transporter.
 15620 | Gauntlet | Found a transporter.
 15624 | Gauntlet | Found a runed translucent door.
 15628 | Gauntlet | Found a transporter.
 15631 | Gauntlet | Found a transporter.
 15646 | Gauntlet | Identified the ring of Keitu {*Tele Int+4}
 15664 | Gauntlet | Found a runed translucent door.
 16162 | Gauntlet | Got an ancient ruby amulet
 16163 | Gauntlet | Identified the amulet of Waufem {Spirit rF+ rN++ Str-4
                  | Int+3} (You found it in a Gauntlet)
 16178 | Gauntlet | Noticed a minotaur
 16183 | Gauntlet | Killed a minotaur
 16189 | Gauntlet | Got a bound bone ring
 16258 | Lair:3   | Identified the ring "Qedifry" {+Inv +Fly rF+ Str-4 Int-5}
                  | (You found it in a Gauntlet)
 17746 | Lair:4   | Noticed Urug
 17758 | Lair:4   | Killed Urug
 17997 | Lair:4   | Found a staircase to the Swamp.
 20316 | Lair:6   | Entered Level 6 of the Lair of Beasts
 20330 | Lair:5   | Reached XP level 14. HP: 35/88 MP: 17/27
 20719 | Lair:5   | Slain by a death yak

Illustrated notes

Levels and vault maps discovered:
D:1:      tarquinn_simple_flora_water_b, layout_rooms
D:2:      layout_basic, minitemple, grunt_gozag_statues,
          kennysheep_generic_room_13, uniq_jessica, uniq_natasha
D:3:      layout_basic
D:4:      layout_rooms
D:5:      layout_loops_ring, kiku_gazebo_garden_becter, serial_shops, shop,
          uniq_blork_the_orc, uniq_eustachio, uniq_ijyb
D:6:      layout_rooms, gammafunk_ghost_cemetery, uniq_edmund,
          uniq_crazy_yiuf_cottage, uniq_maggie
D:7:      layout_cave_pools, chequers_temple_overflow_statue_of_worship,
          minmay_temple_entry_statues_pillars,
          gammafunk_ghost_berserking_beasts, kennysheep_big_empty_room
D:8:      layout_rooms, nicolae_overflow_crystal_walls, basic_altar,
          hangedman_abyss_or_decor_stagger, uniq_maurice
D:9:      gammafunk_beogh_shrine, layout_basic, grunt_temple_overflow_open,
          kennysheep_little_box, uniq_pikel
D:10:     layout_small_grid, david_lair_generic, special_room [special_room_bee]
D:11:     layout_long_grid, serial_shops, nicolae_shop_stone
D:12:     cheibrodos_body_horror, layout_basic, orc_0_dummy,
          gammafunk_ghost_hive, uniq_josephine, uniq_kirke
Lair:1:   layout_concentric_octagons, serial_forest,
          infiniplex_forest_lined_3_way, infiniplex_forest_clump_large,
          infiniplex_forest_corner_1, infiniplex_forest_lined_2,
          infiniplex_forest_corner_1, infiniplex_forest_end_1,
          infiniplex_forest_corner_1, infiniplex_forest_clump_curved
Lair:2:   layout_cave_pods, spider_nest_entry_rubble, beast_lair_carwin_11
Lair:3:   layout_cave_pods, gauntlet_entry_generic, infiniplex_staircase_pool
Lair:4:   beast_lair_carwin_large_1, layout_layer_cave, swamp_mist_pool,
          serial_bayou_lagoon_b, lemuel_fruit_fields, uniq_urug
Lair:5:   layout_cellular_growth
Lair:6:   grunt_lair_end_beastmaster, layout_hall_layers,
          minmay_slime_entry_pillars, st_stairs_9, grunt_megastairs_1,
          serial_bayou_shore_b

Skill      XL: |  1  2  3  4  5  6  7  8  9 10 11 12 13 |
---------------+----------------------------------------+-----
Conjurations   | 2 3 4 5 6 8 10 | 10.0
Fighting       | 1 2 3 4 5 6 8 10 | 10.0
Air Magic      | 5 6 7 9 11 12 | 12.0
Dodging        | 3 4 5 6 7 9 10 11 | 11.5
Spellcasting   | 3 5 7 8 |  8.0
Evocations     | 2 4 6 8 |  8.3
Summonings     | 4 8 |  8.0
Fire Magic     | 4 8 |  8.8
Stealth        | |  2.0

Action                   |  1- 3 |  4- 6 |  7- 9 | 10-12 | 13-15 || total
-------------------------+-------+-------+-------+-------+-------++-------
Melee: Unarmed           |     8 |       |       |       |       ||     8
       Kick              |     2 |     7 |    13 |    18 |     6 ||    46
       Peck              |     1 |     8 |    11 |     7 |     5 ||    32
       Trident           |       |    64 |       |       |       ||    64
       Spear             |       |       |    64 |    49 |       ||   113
       Staff             |       |       |       |    34 |    29 ||    63
Throw: Dart              |       |     7 |       |    30 |       ||    37
 Cast: Shock             |    39 |    95 |    90 |    29 |     4 ||   257
       Static Discharge  |       |     2 |       |     4 |     6 ||    12
       Swiftness         |       |     1 |       |     2 |       ||     3
       Airstrike         |       |       |    62 |   200 |   109 ||   371
       Lightning Bolt    |       |       |       |    21 |    21 ||    42
       Fireball          |       |       |       |       |     3 ||     3
       Blink             |       |       |       |       |     1 ||     1
Invok: Call Merchant     |       |       |       |     2 |       ||     2
 Abil: Fly               |       |     1 |       |       |       ||     1
  Use: Scroll            |     3 |     6 |     3 |     9 |     5 ||    26
       Potion            |       |       |       |       |     1 ||     1
 Stab: Sleeping          |       |     7 |     1 |       |       ||     8
Armor: Robe              |     3 |    15 |     6 |    26 |     5 ||    55
Dodge: Dodged            |    18 |    59 |    59 |   139 |    49 ||   324
Block: Other             |       |       |       |       |    11 ||    11

Table legend: (Time is in decaauts)
 A = Elapsed time spent in this place.
 B = Non-inter-level travel time spent in this place.
 C = Inter-level travel time spent in this place.
 D = Time resting spent in this place.
 E = Time spent auto-exploring this place.
 F = Levels seen in this place.
 G = Mean time per level.
                   A        B        C        D        E       F      G
               +--------+--------+--------+--------+--------+-----+--------+
         Total |  19743 |  19117 |    626 |   1888 |  14822 |  19 | 1039.1 |
       Dungeon |  12552 |  12127 |    425 |   1423 |   8870 |  12 | 1046.0 |
          Lair |   6512 |   6312 |    200 |    323 |   5538 |   6 | 1085.3 |
      Gauntlet |    678 |    678 |      0 |    142 |    412 |   1 |  678.0 |
               +--------+--------+--------+--------+--------+-----+--------+

Top non-repeatable levels by time:
  Lair:5: 1640 daAuts
  Lair:4: 1525 daAuts
  Lair:2: 1482 daAuts
    D:11: 1342 daAuts
     D:1: 1329 daAuts
     D:9: 1200 daAuts
     D:3: 1164 daAuts
    D:12: 1156 daAuts
     D:2: 1095 daAuts
    D:10: 984 daAuts
     D:5: 976 daAuts
     D:6: 967 daAuts
  Lair:3: 942 daAuts
     D:7: 899 daAuts
     D:4: 892 daAuts
